 Dungeon Crawl Stone Soup version 0.19.0-19-g8c6edcc (webtiles) character file.

77 tboon the Covered (level 4, -1/40 HPs)
             Began as a Minotaur Fighter on Nov 15, 2016.
             Slain by Sigmund
             ... wielding a +2 scythe of freezing
              (4 damage)
             ... on level 2 of the Dungeon.
             The game lasted 00:02:17 (1028 turns).

tboon the Covered (Minotaur Fighter)                Turns: 1028, Time: 00:02:17

Health: -1/40      AC:  7    Str: 20    XL:     4   Next: 14%
Magic:  3/3        EV:  7    Int:  6    God:
Gold:   58         SH:  9    Dex: 10    Spells: 0 memorised, 3 levels left

rFire  . . .     SeeInvis .     a - +0 war axe
rCold  . . .     Gourm    .     b - +0 scale mail
rNeg   . . .     Faith    .     c - +0 shield
rPois  .         Spirit   .     (helmet restricted)
rElec  .         Reflect  .     (no cloak)
rCorr  .         Harm     .     (no gloves)
MR     .....                    (no boots)
Stlth  ..........               (no amulet)
                                (no ring)
                                (no ring)

@: no status effects
A: retaliatory headbutt, horns 2
a: no special abilities


You were on level 2 of the Dungeon.
You were hungry.

You visited 1 branch of the dungeon, and saw 2 of its levels.

You collected 58 gold pieces.

Inventory:

Hand Weapons
 a - a +0 war axe (weapon)
 d - a +0 mace of crushing
   (You took it off Terence on level 2 of the Dungeon)
Armour
 b - a +0 scale mail (worn)
 c - a +0 shield (worn)
Scrolls
 e - a scroll of fear {unknown}
 h - a scroll of amnesia {unknown}
 j - 3 scrolls of identify {unknown}
Potions
 m - a potion of haste {unknown}
Comestibles
 f - a bread ration
 g - 2 slices of pizza
 i - 3 fruits
 k - 2 chunks of flesh
 l - a royal jelly


   Skills:
 + Level 4.1 Fighting
 * Level 3.8 Axes
 + Level 4.5 Armour
 + Level 4.0 Shields


You had 3 spell levels left.
You didn't know any spells.

Dungeon Overview and Level Annotations

Branches:
Dungeon (2/15)

Altars:

Annotations:
D:2 Sigmund


Innate Abilities, Weirdness & Mutations

You reflexively headbutt those who attack you in melee.
You have a pair of horns on your head.


Message History

You miss the adder. Your headbutt misses the adder.
The adder is almost dead.
You feel sick. You block the adder's attack. The adder bites you.
You are more poisoned.
The adder poisons you!
You slash the adder!
You kill the adder!
You have reached level 4!
You feel agile.
You feel sick.
You start resting.
You feel sick. x12
Some of the chunks of flesh in your inventory have rotted away.
You feel sick.
You are no longer poisoned.
You start resting.
HP restored.
j - 3 scrolls labeled VATIGA QECHI (gained 1)
You see here an adder corpse.
All of the chunks of flesh in your inventory have rotted away.
A frilled lizard comes into view.
The frilled lizard hisses angrily.
You hit the frilled lizard.
You kill the frilled lizard!
No target in view!
A worm and a kobold come into view.
The kobold shouts!
Found a stone staircase leading down.
The kobold hits you but does no damage.
You closely miss the kobold. Your headbutt misses the kobold.
The kobold hits you but does no damage. You block the kobold's attack.
Your shield and scale mail prevent you from hitting the kobold.
Your headbutt misses the kobold. You block the kobold's attack.
You closely miss the kobold. The kobold hits you.
You barely miss the kobold. You headbutt the kobold.
The kobold is severely wounded.
The kobold hits you but does no damage. The kobold hits you.
You slash the kobold!
You kill the kobold!
You hit the worm but do no damage.
You headbutt the worm, but do no damage.
You block the worm's attack.
You hit the worm but do no damage. The worm barely misses you.
You slash the worm! You headbutt the worm.
You kill the worm!
Your Shields skill increases to level 4!
No target in view!
No target in view!
Things that are here:
a worm corpse; a kobold corpse You butcher the worm corpse.
k - 2 chunks of flesh You see here a kobold corpse.
A frilled lizard comes into view.
The frilled lizard hisses angrily.
Found an escape hatch in the ceiling.
You block the frilled lizard's attack.
You barely miss the frilled lizard. You block the frilled lizard's attack.
You miss the frilled lizard.
You block the frilled lizard's attack. x2
You miss the frilled lizard.
The frilled lizard bites you but does no damage.
You closely miss the frilled lizard.
Your headbutt misses the frilled lizard.
You block the frilled lizard's attack.
You slash the frilled lizard!
You kill the frilled lizard!
No target in view!
Marking area around Sigmund as unsafe for travelling.
Sigmund the Dreaded comes into view.
He is wielding a scythe of freezing.
Sigmund shouts!
Okay, then.
Sigmund casts a spell at you. The puff of flame hits you!
Sigmund points at you and mumbles some strange words.
You resist with some effort. Sigmund hits you but does no damage.
You barely miss Sigmund.
Sigmund hits you with a scythe of freezing!
Sigmund freezes you.
You closely miss Sigmund. Sigmund hits you but does no damage.
You slash Sigmund! Your headbutt misses Sigmund.
Sigmund is moderately wounded.
You block Sigmund's attack.
You closely miss Sigmund.
Sigmund is moderately wounded.
Your scale mail prevents you from hitting Sigmund.
Sigmund is moderately wounded.
Sigmund gestures at you while chanting. The magic dart hits you!
Sigmund mumbles some strange words.
Sigmund flickers and vanishes!
Deactivating autopickup; reactivate with Ctrl-A.
Your shield and scale mail prevent you from hitting something.
Something hits you. Something freezes you.
You closely miss something. Something hits you!
* * * LOW HITPOINT WARNING * * *
Something freezes you.
* * * LOW HITPOINT WARNING * * *
You are feeling hungry.
You barely miss something. Your headbutt misses something. Something hits you.
You die...

##.# #.............
#.###[#########.##
##.##...# #.#
......#.# #.#
##.##...# #.#
#.###)##### #.#
#.)..<....# #.#
#.##...##.#####{######
#..............@.....#
#.##...######.#.####.#
#.###.######....#
#.###...........#
#......#####...##
#####.......#.##
##.####.#.# .#
#.#.##### .# .#
#.#.....#..#


There were no monsters in sight!

Vanquished Creatures
  Terence (D:2)
  An adder (D:2)
  2 worms (D:2)
  3 dart slugs
  2 bats (D:1)
  5 goblins
  4 hobgoblins (D:1)
  8 kobolds
  2 frilled lizards (D:2)
  3 rats
31 creatures vanquished.

Notes
Turn   | Place    | Note
-------+----------+-------------------------------------------
     0 | D:1      | tboon the Minotaur Fighter began the quest for the Orb.
     0 | D:1      | Reached XP level 1. HP: 19/19 MP: 0/0
   103 | D:1      | Reached skill level 4 in Armour
   103 | D:1      | Reached XP level 2. HP: 27/27 MP: 1/1
   332 | D:2      | Reached skill level 3 in Axes
   332 | D:2      | Reached XP level 3. HP: 29/33 MP: 2/2
   538 | D:2      | Noticed Terence
   549 | D:2      | Killed Terence
   549 | D:2      | Reached skill level 4 in Fighting
   744 | D:2      | Reached XP level 4. HP: 35/40 MP: 3/3
   942 | D:2      | Reached skill level 4 in Shields
  1014 | D:2      | Noticed Sigmund
  1027 | D:2      | HP: 5/40 [something (10)]
  1028 | D:2      | Slain by Sigmund

Skill      XL: |  1  2  3  4 |
---------------+-------------+-----
Armour         | 4 |  4.5
Axes           | 3 |  3.8
Fighting       | 4 |  4.1
Shields        | 4 |  4.0

Action                   |  1- 3 |  4- 6 || total
-------------------------+-------+-------++-------
Melee: War axe           |    52 |    22 ||    74
       Headbutt          |     9 |     3 ||    12
  Use: Potion            |     1 |       ||     1
Armor: Scale mail        |    19 |     6 ||    25
Dodge: Dodged            |    16 |     1 ||    17
Block: Shield            |    24 |     9 ||    33

Vault maps used:
D:1:      saegor_arrival_miasma, minmay_statues_item
D:2:      small_statue_intersection, uniq_terence, uniq_sigmund

Table legend:
 A = Turns spent in this place as a percentage of turns spent in the entire game.
 B = Non-inter-level travel turns spent in this place as a percentage of non-inter-level travel turns spent in the entire game.
 C = Inter-level travel turns spent in this place as a percentage of turns spent in this place.
 D = Turns resting spent in this place as a percentage of non-inter-level travel turns spent in this place.
 E = Turns spent auto-exploring this place as a percentage of non-inter-level travel turns spent in this place.
 F = Non-inter-level travel turns spent in this place divided by the number of levels of this place that you've seen.
                   A       B       C       D       E      F
               +-------+-------+-------+-------+-------+----------------------
         Total | 100.0 | 100.0 |   0.4 |   2.6 |  19.0 | 115.5
       Dungeon | 100.0 | 100.0 |   0.4 |   2.6 |  19.0 | 115.5
               +-------+-------+-------+-------+-------+----------------------

Table legend:
 A = Kills in this place as a percentage of kills in entire the game.
 B = Kills by you in this place as a percentage of kills by you in the entire game.
 C = Kills by friends in this place as a percentage of kills by friends in the entire game.
 D = Other kills in this place as a percentage of other kills in the entire game.
 E = Experience gained in this place as a percentage of experience gained in the entire game.
 F = Experience gained in this place divided by the number of levels of this place that you have seen.
                   A       B       C       D       E      F
               +-------+-------+-------+-------+-------+----------------------
         Total | 100.0 | 100.0 |  -nan |  -nan | 100.0 |  55.5
       Dungeon | 100.0 | 100.0 |  -nan |  -nan | 100.0 |  55.5
               +-------+-------+-------+-------+-------+----------------------
